 Dungeon Sprint DCSS version 0.26-a0-631-ged93497179 (webtiles) character file.

Game seed: 2228196379031913170

2999 Conn the Thaumaturge (level 9, 0/66 HPs)
             Began as an Octopode Hedge Wizard on Sept 13, 2020.
             Was a Believer of Sif Muna.
             Splashed by an oklob plant's acid (12 damage)
             ... in the Dungeon (Sprint I: "Red Sonja").
             The game lasted 00:14:24 (1100 turns).

Conn the Thaumaturge (Octopode Hedge Wizard)        Turns: 1100, Time: 00:14:30

Health: 0/66       AC: -7    Str:  9    XL:     9   Next: 84%
Magic:  26/26      EV: 14    Int: 20    God:    Sif Muna [**....]
Gold:   470        SH:  5    Dex: 11    Spells: 23/34 levels left

rFire    + . .     SeeInvis .   c - +4 scythe (pain)
rCold    x . .     Faith    .   (shield currently unavailable)
rNeg     . . .     Spirit   .   b - +0 hat
rPois    .         Reflect  +   p - amulet of reflection
rElec    .         Harm     .   n - ring of fire (curse)
rCorr    .         Rampage  .   (no ring)
MR       .....     NoTele   +   (no ring)
Stlth    ++++......             (no ring)
HPRegen  0.21/turn              (no ring)
MPRegen  0.20/turn              (no ring)
                                (no ring)
                                (no ring)

@: corroded
A: almost no armour, stealthy swim, amphibious, 8 rings, constrict 8, camouflage
1, gelatinous body 1
a: Channel Magic, Renounce Religion


You were in the Dungeon.
You worshipped Sif Muna.
Sif Muna was pleased with you.
You visited 1 branch You collected 960 gold pieces.
You spent 490 gold pieces at shops.

Inventory:

Hand Weapons
 a - a +0 dagger
 c - a +4 scythe of pain (weapon)
 m - a +2 dagger of venom
Missiles
 j - 12 poisoned darts
 k - 10 curare-tipped darts (quivered)
Armour
 b - a +0 hat (worn)
Jewellery
 n - a cursed ring of fire (left tentacle)
 p - an amulet of reflection (around mantle)
Scrolls
 i - a scroll of blinking
 o - a scroll of immolation {unknown}
Potions
 d - 4 potions of curing
 e - a potion of heal wounds
 f - a potion of haste
 g - a potion of magic
 h - 2 potions of berserk rage
 l - a potion of stabbing {unknown}


   Skills:
 * Level 8.0 Fighting
 + Level 2.0 Short Blades
 + Level 4.0 Polearms
 + Level 1.8 Throwing
 + Level 3.2 Dodging
 + Level 7.3 Stealth
 * Level 13.1 Spellcasting
 * Level 8.1 Conjurations
 + Level 5.1 Summonings
 - Level 6.2 Translocations
 + Level 3.1 Fire Magic
 + Level 3.4 Air Magic
 + Level 5.0 Poison Magic


You had 23 spell levels left.
You knew the following spells:

 Your Spells              Type           Power        Failure   Level
a - Magic Dart            Conj           ####         1%          1
b - Blink                 Tloc           N/A          1%          2
c - Call Imp              Summ           ####....     1%          2
d - Conjure Flame         Conj/Fire      ######..     1%          3
e - Mephitic Cloud        Conj/Pois/Air  #####...     1%          3

Your spell library contained the following spells:

 Spells                   Type           Power        Failure   Level
 Slow                     Hex            ##......     8%          2


Dungeon Overview and Level Annotations

Branches:
Dungeon (1/1)

Altars:
Cheibriados
Dithmenos
Elyvilon
Fedhas
Gozag
Hepliaklqana
Kikubaaqudgha
Makhleb
Nemelex Xobeh
Okawaru
Qazlal
Ru
Sif Muna
Trog
Uskayaw
Vehumet
Wu Jian
Xom
Yredelemnul
Zin
The Shining One
Jiyva
Lugonu

Shops:
D *=[

Annotations:
D exclusion: oklob plant


Innate Abilities, Weirdness & Mutations

You cannot wear most types of armour.
You are very stealthy in the water. (Stealth+)
You are amphibious.
You can wear up to eight rings at the same time.
You can use your tentacles to constrict eight enemies at once.
Your skin changes colour to match your surroundings (Stealth+).
Your rubbery body absorbs attacks. (AC +1, EV +1)


Message History

The oklob plant spits acid at you. The splash of acid hits you!
The acid corrodes you!
You are splashed with acid!
Attack whom?
Press: ? - help, Dir - move target cursor, f/p - oklob plant
Aim: an oklob plant (heavily damaged)
You reach to attack!
You slash the oklob plant!
The oklob plant is heavily damaged.
Attack whom?
Press: ? - help, Dir - move target cursor, f/p - oklob plant
Aim: an oklob plant (heavily damaged)
You reach to attack!
You hit the oklob plant but do no damage.
The oklob plant is heavily damaged.
The oklob plant spits acid at you. The splash of acid hits you!
The acid corrodes you!
You are splashed with acid!
The oklob plant spits acid at you. The splash of acid hits you!
* * * LOW HITPOINT WARNING * * *
You are splashed with acid!
You die...

################
'..#..'..#__#..+
#..'[.#..'..'..#
##'#####'#__####
#..#...#.####§§####
####..##(#§≈§§§#..#
___##'#_.+§≈§§§'..#
∩...'..._#≈§§§.#@.#
.__##_†#'##'#####'#
___###'#.#.)§[###P+
######.####'###[###
....'...'...§.'[∩#
+####...##########
###.### #.#'#.#
#.....#


You could see an oklob plant.

Vanquished Creatures
  2 centaur warriors (D)
  Sonja (D)
  A deep troll (D)
  A hornet (D)
  A slime creature (D)
  Sigmund (D)
  A yak (D)
  A jelly (D)
  Ijyb (D)
  2 ballistomycete spores (D)
12 creatures vanquished.

Vanquished Creatures (collateral kills)
  An ogre (D)
1 creature vanquished.

Grand Total: 13 creatures vanquished

Notes
Turn   | Place    | Note
-------+----------+-------------------------------------------
     0 | D        | Conn the Octopode Hedge Wizard began the quest for the Orb.
     0 | D        | Reached XP level 1. HP: 11/11 MP: 4/4
     1 | D        | Noticed Ijyb
    13 | D        | Killed Ijyb
    13 | D        | Reached skill level 1 in Fighting
    13 | D        | Reached skill level 5 in Spellcasting
    13 | D        | Reached XP level 2. HP: 15/18 MP: 5/8
    13 | D        | Reached XP level 3. HP: 19/23 MP: 5/9
    18 | D        | Learned a level 2 spell: Blink
    21 | D        | Learned a level 2 spell: Call Imp
    25 | D        | Learned a level 3 spell: Conjure Flame
    29 | D        | Learned a level 3 spell: Mephitic Cloud
    62 | D        | Noticed an ogre
    88 | D        | Killed an ogre
    88 | D        | Reached skill level 6 in Spellcasting
    88 | D        | Reached skill level 1 in Fire Magic
    88 | D        | Reached skill level 1 in Air Magic
    88 | D        | Reached skill level 1 in Poison Magic
    88 | D        | Reached XP level 4. HP: 29/29 MP: 1/12
   175 | D        | Noticed Sigmund
   199 | D        | Killed Sigmund
   199 | D        | Reached skill level 7 in Spellcasting
   199 | D        | Reached XP level 5. HP: 36/36 MP: 1/15
   309 | D        | Found an ornate altar of the Wu Jian Council.
   309 | D        | Found a shimmering blue altar of Sif Muna.
   311 | D        | Found a radiant altar of Vehumet.
   314 | D        | Reached skill level 8 in Spellcasting
   314 | D        | Reached XP level 6. HP: 42/42 MP: 17/17
   317 | D        | Became a worshipper of Sif Muna the Loreminder
   339 | D        | Found Neugiene's Jewellery Emporium.
   339 | D        | Found an ancient bone altar of Kikubaaqudgha.
   339 | D        | Found a hazy altar of Hepliaklqana.
   339 | D        | Found a stormy altar of Qazlal.
   339 | D        | Found a hide-covered altar of Uskayaw.
   339 | D        | Found a blossoming altar of Fedhas.
   339 | D        | Found a bloodstained altar of Trog.
   339 | D        | Found an iron altar of Okawaru.
   339 | D        | Found a basalt altar of Yredelemnul.
   339 | D        | Found a glowing golden altar of the Shining One.
   339 | D        | Found a snail-covered altar of Cheibriados.
   339 | D        | Found a sacrificial altar of Ru.
   339 | D        | Found a glowing silver altar of Zin.
   339 | D        | Found a shadowy altar of Dithmenos.
   339 | D        | Found a white marble altar of Elyvilon.
   339 | D        | Noticed a yak
   351 | D        | Killed a yak
   351 | D        | Reached skill level 1 in Short Blades
   351 | D        | Reached skill level 1 in Polearms
   351 | D        | Reached skill level 5 in Stealth
   351 | D        | Reached skill level 9 in Spellcasting
   352 | D        | Found an opulent altar of Gozag.
   353 | D        | Found a sparkling altar of Nemelex Xobeh.
   428 | D        | Found a burning altar of Makhleb.
   428 | D        | Found a viscous altar of Jiyva.
   428 | D        | Found a shimmering altar of Xom.
   428 | D        | Found a corrupted altar of Lugonu.
   428 | D        | Noticed a slime creature
   448 | D        | Killed a slime creature
   448 | D        | Reached skill level 5 in Conjurations
   448 | D        | Reached XP level 7. HP: 4/49 MP: 15/20
   752 | D        | Noticed Sonja
   764 | D        | Killed Sonja
   764 | D        | Reached * piety under Sif Muna
   764 | D        | Reached skill level 10 in Spellcasting
   764 | D        | Reached skill level 5 in Translocations
   764 | D        | Reached XP level 8. HP: 57/57 MP: 7/22
   832 | D        | Found Saryrupo's Assorted Antiques.
   840 | D        | Bought an encrusted granite ring for 130 gold pieces
   853 | D        | Noticed a deep troll
   872 | D        | Killed a deep troll
   872 | D        | Reached skill level 11 in Spellcasting
   907 | D        | Found Zunke's Armour Emporium.
   941 | D        | Bought an uncursed amulet of reflection for 360 gold pieces
   959 | D        | Noticed a centaur warrior
   960 | D        | Noticed a centaur warrior
   970 | D        | Killed a centaur warrior
   970 | D        | Reached skill level 1 in Throwing
   970 | D        | Reached skill level 12 in Spellcasting
   970 | D        | Reached XP level 9. HP: 56/64 MP: 18/25
   979 | D        | Killed a centaur warrior
   979 | D        | Reached ** piety under Sif Muna
   979 | D        | Reached skill level 5 in Summonings
  1081 | D        | Noticed a hornet
  1085 | D        | Killed a hornet
  1085 | D        | Reached skill level 13 in Spellcasting
  1085 | D        | Reached skill level 5 in Poison Magic
  1097 | D        | Noticed an oklob plant
  1100 | D        | Splashed by an oklob plant's acid

Illustrated notes

Levels and vault maps discovered:
D:        dungeon_sprint_1 [red_sonja_temple_1, red_sonja_temple_small_1]

Skill      XL: |  1  2  3  4  5  6  7  8  9 |
---------------+----------------------------+-----
Fighting       | 1 2 3 4 6 7 8 |  8.0
Stealth        | 3 4 5 6 7 |  7.3
Spellcasting   | 5 6 7 8 9 10 12 13 | 13.1
Conjurations   | 2 3 5 6 7 8 |  8.1
Fire Magic     | 1 2 3 |  3.1
Air Magic      | 1 2 3 |  3.4
Poison Magic   | 1 3 4 5 |  5.0
Summonings     | 2 3 4 5 |  5.1
Translocations | 2 4 5 6 |  6.2
Short Blades   | 1 2 |  2.0
Polearms       | 1 2 3 4 |  4.0
Dodging        | 3 |  3.2
Throwing       | 1 |  1.8

Action                   |  1- 3 |  4- 6 |  7- 9 || total
-------------------------+-------+-------+-------++-------
Melee: Dagger            |    12 |     3 |       ||    15
       Tentacles         |     3 |     1 |     1 ||     5
       Constrict         |     1 |     1 |     1 ||     3
       Scythe            |       |     6 |    17 ||    23
Throw: Dart              |       |       |     4 ||     4
 Cast: Call Imp          |     4 |     4 |     2 ||    10
       Blink             |     3 |       |     1 ||     4
       Mephitic Cloud    |       |     4 |     9 ||    13
       Magic Dart        |       |    10 |     9 ||    19
       Conjure Flame     |       |     1 |     2 ||     3
  Use: Potion            |     1 |       |       ||     1
 Stab: Sleeping          |     1 |       |     1 ||     2
       Confused          |       |     2 |       ||     2
Armor: Skin              |     1 |       |     1 ||     2
Dodge: Dodged            |    10 |     3 |     2 ||    15
Block: Other             |       |       |     1 ||     1
       Reflection        |       |       |     1 ||     1

Table legend: (Time is in decaauts)
 A = Elapsed time spent in this place.
 B = Non-inter-level travel time spent in this place.
 C = Inter-level travel time spent in this place.
 D = Time resting spent in this place.
 E = Time spent auto-exploring this place.
 F = Levels seen in this place.
 G = Mean time per level.
                   A        B        C        D        E       F      G
               +--------+--------+--------+--------+--------+-----+--------+
         Total |   1118 |   1118 |      0 |    593 |      0 |   1 | 1118.0 |
       Dungeon |   1118 |   1118 |      0 |    593 |      0 |   1 | 1118.0 |
               +--------+--------+--------+--------+--------+-----+--------+

Top non-repeatable levels by time:
       D: 1118 daAuts
